 Dungeon Crawl Stone Soup version 0.32-a0-391-gce5c0aa (webtiles) character file.

Game seed: 12965704493061135871

56 Nithhogg the Trooper (level 3, -9/33 HPs)
             Began as a Mountain Dwarf Fighter on Feb 19, 2024.
             Mangled by a gnoll
             ... wielding a +0 halberd
              (12 damage)
             ... on level 2 of the Dungeon.
             The game lasted 00:02:15 (1288 turns).

Nithhogg the Trooper (Mountain Dwarf Fighter)       Turns: 1288, Time: 00:02:16

Health: -9/33      AC:  7    Str: 20    XL:     3   Next: 71%
Magic:  4/4        EV:  9    Int:  8    God:
Gold:   105        SH:  4    Dex:  9    Spells: 2/2 levels left

rFire   . . .        a - +0 war axe
rCold   . . .        c - +0 buckler
rNeg    . . .        b - +0 scale mail
rPois   .            (no helmet)
rElec   .            (no cloak)
rCorr   .            (no gloves)
SInv    .            (no boots)
Will    .....        (no amulet) Stlth
                     (no ring)
HPRegen 0.25/turn    (no ring)
MPRegen 0.09/turn

%: no passive effects
@: mighty
A: runic magic, artefact enchanting
a: no special abilities


You were on level 2 of the Dungeon.
You visited 1 branch of the dungeon, and saw 2 of its levels.

You collected 105 gold pieces.

Inventory:

Hand Weapons
 a - a +0 war axe (weapon)
Armour
 b - a +0 scale mail (worn)
 c - a +0 buckler (worn)
Scrolls
 h - 2 scrolls of identify
 i - a scroll of noise
 k - a scroll of enchant armour {unknown}
 l - a scroll of poison {unknown}
 m - 2 scrolls of teleportation {unknown}
 o - a scroll of blinking {unknown}
Potions
 d - a potion of might
 e - a potion of haste {unknown}
 f - a potion of invisibility {unknown}
 g - a potion of ambrosia {unknown}
 j - a potion of attraction {unknown}
 n - a potion of curing {unknown}


   Skills:
 + Level 3.8 Fighting
 + Level 3.3 Axes
 + Level 3.8 Armour
 - Level 3.2 Shields
 + Level 2.1 Invocations


You had 2 spell levels left.
You didn't know any spells.
Your spell library was empty.

Dungeon Overview and Level Annotations

Branches:
Dungeon (2/15)

Altars:
Wu Jian


Innate Abilities, Weirdness & Mutations

Your spellcasting is much less encumbered by armour.
You can use scrolls of enchantment on lesser artefacts.


Message History

No target in view!
No target in view!
No target in view!
No target in view!
No target in view!
No target in view!
Things that are here:
a +0 short sword; a kobold corpse
Found a ring mail.
o - a scroll labelled DACZE JUSMIE You see here a +0 whip. 3 gnolls come into view.
The gnoll shouts! x3; You hear an angry hiss.
A gnoll comes into view. It is wielding a +0 flail.
There are monsters nearby!
The gnoll shouts!
The gnoll hits you with a +0 club. You block the gnoll's attack.
You feel very mighty all of a sudden.
The gnoll hits you from afar with a +0 halberd.
The gnoll hits you with a +0 club. The gnoll hits you but does no damage.
A ball python comes into view.
You completely miss the gnoll. The gnoll closely misses you.
The gnoll hits you from afar with a +0 spear.
The gnoll closely misses you.
The gnoll hits you from afar with a +0 spear.
The gnoll barely misses you. The gnoll misses you.
You are too injured to fight recklessly!
You are too injured to fight recklessly!
You barely miss the gnoll. The gnoll closely misses you.
The gnoll barely misses you. x2
You hit the gnoll.
The gnoll is heavily wounded.
You block the gnoll's attack.
The gnoll hits you from afar with a +0 spear.
The gnoll hits you with a +0 club.
* * * LOW HITPOINT WARNING * * *
The gnoll closely misses you. The gnoll hits you with a +0 club.
* * * LOW HITPOINT WARNING * * *
The gnoll hits you from afar with a +0 halberd!
You die... #.# #.. # #.. #.#.# .#S## ggg

#g# ######@#
########
#......#
....)..#
#.######
.#####.####.#
.##.........#
....##.######
.#####.#
.#####.#
.......#


You could see 4 gnolls and a ball python.

Vanquished Creatures
  A ribbon worm (D:2)
  A dart slug (D:2)
  6 ball pythons
  2 giant cockroaches (D:1)
  5 goblins
  3 hobgoblins (D:1)
  3 kobolds
  5 bats
  A frilled lizard (D:1)
  3 rats (D:2)
30 creatures vanquished.

Notes
Turn   | Place    | Note
-------+----------+-------------------------------------------
     0 | D:1      | Nithhogg the Mountain Dwarf Fighter began the quest for the
                  | Orb.
     0 | D:1      | Reached XP level 1. HP: 19/19 MP: 1/1
   139 | D:1      | Reached skill level 1 in Invocations
   139 | D:1      | Reached XP level 2. HP: 26/26 MP: 2/2
   736 | D:1      | Reached XP level 3. HP: 33/33 MP: 4/4
   963 | D:2      | Found an ornate altar of the Wu Jian Council.
  1288 | D:2      | Mangled by a gnoll

Illustrated notes

Levels and vault maps discovered:
D:1:      minmay_arrival_floating_metal, layout_basic
D:2:      layout_loops_cross, basic_altar

Skill      XL: |  1  2  3 |
---------------+----------+-----
Invocations    | 1 2 |  2.1
Axes           | 3 |  3.3
Fighting       | |  3.8
Armour         | |  3.8
Shields        | |  3.2

Action                     || total
---------------------------++-------
  Melee: War axe           ||    93
    Use: Scroll            ||     2
         Potion            ||     1
 Armour: Scale mail        ||    92
  Dodge: Dodged            ||    66
  Block: Buckler           ||    20

Table legend: (Time is in decaauts)
 A = Elapsed time spent in this place.
 B = Non-inter-level travel time spent in this place.
 C = Inter-level travel time spent in this place.
 D = Time resting spent in this place.
 E = Time spent auto-exploring this place.
 F = Levels seen in this place.
 G = Mean time per level.
                   A        B        C        D        E       F      G
               +--------+--------+--------+--------+--------+-----+--------+
         Total |   1337 |   1326 |     11 |      0 |   1069 |   2 |  668.5 |
       Dungeon |   1337 |   1326 |     11 |      0 |   1069 |   2 |  668.5 |
               +--------+--------+--------+--------+--------+-----+--------+

Top non-repeatable levels by time:
     D:1: 909 daAuts
     D:2: 427 daAuts
